← All builds
Tech / Armada / Economy first / OBSERVED BUILD

Standard tech

Armada Tech (Eco) build order · Supreme Isthmus

Rushes T2 factory and T2 constructor to supply the team, upgrading mexes first and sending the first T2 constructor to Geo before scaling its own eco.

Usually first T2 con to Geo (82%)

#eco #t2 #team support · 1703 distinct matches · 264 players · 60% of Armada Tech games · team won 54% of 2019 · Recently observed

HOW TO PLAY IT

Key timing: T2 factory by 4:15

  1. Open 3 mex and heavy wind to fund a fast T2 rush.
  2. Put down Bot Lab, planning to eat it for reclaim soon after.
  3. Get Advanced Bot Lab up, hitting the T2 factory rush timing.
  4. Upgrade mex to Advanced Metal Extractor to lock in team metal income.
  5. Eat Advanced Bot Lab and keep sending cons to Geo and Pond.

Phase by phase

TYPICAL OF ITS 1703 GAMES
  1. 1
  2. 2
  3. 3
  4. 4
PLAY THE OPENING

Follow the example game's first 6:00 step by step: what to build now, what comes next, and where it goes. At 1× it keeps pace with your own game.

  1. 1

    Up to the Bot Lab

    Economy
    • Metal Extractor3Mex
    • Wind Turbine4Wind
    Order
    1. Bot LabBot Lab after 3 mex, 4 winddone ~1:18, middle half 1:13–1:32

    Some games also: energy storage (32%)

    By 1:01 in all: 3 mex · 4 wind

    The example game in this phase · 3 steps
    1. Mex ×3
    2. Wind ×8
    3. Bot LabBot Labdone 1:42 · typical 1:18
  2. 2

    Bot Lab to Advanced Bot Lab

    Economy
    • Metal Extractor1Mex
    • Wind Turbine8Wind
    • Energy Storage1Energy storage
    Order
    1. Advanced Bot LabAdvanced Bot Lab after 4 mex, 12 wind, 3 con turretdone ~4:16, middle half 4:04–4:30
    Builders
    • Construction Turret3 Con turret
    • Lazarus3 Lazarus
    • Construction Bot2 Con bot
    • Construction Bot1 Con bot for allies

    Some games also: converter (35%)

    By 3:18 in all: 4 mex · 12 wind · 1 energy storage · 3 con turret

    The example game in this phase · 19 steps
    1. Construction BotCon bot
    2. LazarusLazarus
    3. Energy storage
    4. LazarusLazarus ×2
    5. Mex
    6. Construction BotCon bot
    7. Wind
    8. LazarusLazarus
    9. Con turret
    10. Converter
    11. Con turret
    12. Wind ×3
    13. Con turret
    14. Wind
    15. Converter
    16. Wind ×2
    17. Bot LabEat Bot Labreclaimed for its metal
    18. Energy storage
    19. Advanced Bot LabAdvanced Bot Labdone 4:21 · typical 4:16
  3. 3

    Advanced Bot Lab to 5:00

    Economy
    • Wind Turbine3Wind
    Order
    1. Bot LabEat Bot Lab
    Builders
    • Advanced Construction Bot1 T2 con bot for allies

    Some games also: converter (35%)

    By 5:00 in all: 4 mex · 15 wind · 1 converter · 1 energy storage · 3 con turret

    The example game in this phase · 4 steps
    1. Converter
    2. Advanced Construction BotT2 con botfor Geo
    3. Converter
    4. Advanced Metal ExtractorT2 mexdone 5:14 · typical 5:28
  4. 4

    5:00 to 10:00

    Economy
    • Wind Turbine43Wind
    • Energy Converter6Converter
    Builders
    • Butler9 Butler
    • Advanced Construction Bot4 T2 con bot for allies
    • Advanced Construction Bot1 T2 con bot

    Some games also: con turret (43%) · Butler for allies (36%)

    By 10:00 in all: 4 mex · 59 wind · 8 converter · 1 energy storage · 3 con turret

    The example game in this phase · 179 steps
    1. Advanced Construction BotT2 con botfor Air
    2. Advanced Metal ExtractorT2 mex ×2
    3. Advanced Construction BotT2 con botfor Geo sea
    4. ButlerButler ×3
    5. Advanced Metal ExtractorT2 mex
    6. ButlerButler ×3
    7. Wind
    8. Converter
    9. Wind
    10. Advanced Construction BotT2 con botfor unknown
    11. Wind ×3
    12. Advanced Construction BotT2 con botfor Pond
    13. Wind ×3
    14. ButlerButler
    15. Converter
    16. Wind
    17. ButlerButler
    18. Wind
    19. Converter
    20. ButlerButler
    21. Wind
    22. Converter
    23. Wind ×2
    24. Converter
    25. Wind
    26. ButlerButler
    27. Wind ×3
    28. ButlerButler
    29. Wind ×2
    30. ButlerButler
    31. Wind ×4
    32. Converter
    33. Wind ×3
    34. Converter
    35. Wind ×3
    36. Advanced Construction BotT2 con bot
    37. Converter
    38. Wind ×5
    39. Converter
    40. Wind ×2
    41. Con turret
    42. Wind ×3
    43. Converter
    44. Wind ×3
    45. Con turret
    46. Converter
    47. Wind ×3
    48. Con turret
    49. Wind ×3
    50. Converter
    51. Con turret
    52. Wind ×4
    53. Con turret
    54. Wind ×2
    55. TracerTracer
    56. Converter
    57. Con turret
    58. Wind ×3
    59. Con turret
    60. Wind ×3
    61. Converter
    62. Wind ×3
    63. Converter
    64. Wind ×6
    65. Converter
    66. Metal storage
    67. Wind ×9
    68. Con turret
    69. Wind ×6
    70. Converter
    71. Wind ×4
    72. Converter
    73. Wind ×4
    74. Converter
    75. Wind ×5
    76. Converter
    77. Wind ×3
    78. Con turret
    79. Wind ×2
    80. Converter
    81. Advanced Construction BotT2 con bot
    82. Wind ×4
    83. Converter
    84. Wind ×5
    85. Converter
    86. Wind ×5
    87. Converter
    88. Wind ×4
    89. Con turret
    90. Converter
    91. Wind ×5
    92. Advanced Bot LabEat Advanced Bot Labreclaimed for its metal
    93. Wind
    94. Converter
    95. T2 converter
    96. Wind ×3
    97. Con turret
    98. Wind ×5
    99. Con turret
    100. Wind ×4
    101. T2 converter
    102. Wind ×3
    103. Converter
    104. Wind ×2
    105. Con turret
    106. Wind ×4
    107. T2 converter
    108. Converter
    109. Wind
    110. Con turret
    111. Wind ×3
    112. Converter
    113. Wind ×2
    114. Con turret
    115. Wind ×3
    116. T2 converter
    117. Converter
    118. Con turret
    119. Wind ×6
    120. Converter
    121. Con turret
    122. Wind
    123. Con turret
    124. Wind ×2
    125. Con turret
    126. Wind
    127. Converter
    128. Wind
    129. T2 converter
    130. Wind
    131. Advanced Fusion ReactorAdvanced Fusion Reactordone 14:41
    132. Con turret
    133. Wind ×3
    134. Converter
    135. Con turret
    136. Wind ×4
    137. Converter
    138. Wind ×5
    139. Converter
    140. Wind ×5
    141. Converter
    142. Wind ×5
    143. Converter
    144. Wind ×3
    145. Converter
    146. Wind ×6
    147. Converter
    148. Wind ×6
    149. Converter
    150. Wind ×5
    151. Converter
    152. Wind ×4
    153. Converter
    154. Wind ×5
    155. Converter
    156. Wind ×4
    157. Converter
    158. Wind ×6
    159. Converter
    160. Wind ×6
    161. Converter
    162. Wind ×3
    163. Converter
    164. Wind ×4
    165. Con turret
    166. Wind ×2
    167. CitadelAnti-nukenot finished by 15:00
    168. Con turret
    169. Wind ×3
    170. Con turret
    171. Wind ×2
    172. Con turret
    173. Wind
    174. T2 converter
    175. Con turret
    176. Wind ×2
    177. Converter
    178. Con turret
    179. Wind ×3

Counts are medians over the build's games: half of them build more, half fewer. The example game is BOBI's (30 OS, 28/08/2026); pick another.

Team trades

IN AT LEAST 30% OF ITS GAMES

You hand over

  • Construction Bot1 Con bot to Airfirst at 2:23 · in 84% of games
  • Advanced Construction Bot5 T2 con bot to Air or Geo sea or Pondfirst at 4:51 · in 99% of games
  • Butler2 Butler to Geo sea or Beach sea or Pondfirst at 9:06 · in 42% of games

You get

  • Hercules1 Light transport from Airfirst at 4:02 · in 86% of games

How it plays out

Typical game of this build, running totals by minute

Metal produced

020k40k
0:005:0010:0015:00

metal

Enemy metal destroyed

050100
0:005:0010:0015:00

metal

Own metal lost

050100150
0:005:0010:0015:00

metal

2019 games.

Show as table
ByMetal produced: This buildEnemy metal destroyed: This buildOwn metal lost: This build
1:0038300
2:0091500
3:00165500
4:00314600
5:00484600
6:00580500
7:00723600
8:00907200
9:001120700
10:001354500
11:001626000
12:001967800
13:002346900
14:0027363074
15:003158696130
WHAT THE NUMBERS SAY

Standard Tech play barely fights at all early, instead pouring metal into T2 infrastructure and constructors for the team.

  • + Metal produced hits 31679 by 15:00, by far the highest of any role here.
  • + T2 factory reached in 97% of games by 4:15, fastest and most reliable T2 timing.
  • − Enemy metal destroyed stays at 0 through 10:00, no early offense at all.
  • − Own metal lost also near 0, showing total avoidance of combat risk.
THE EXAMPLE YOU ARE READING

BOBI

30.1 OS · 28/08/2026

Open source match ↗

1 received units
2787 metal received · 69128 energy received

Allied construction assistance is unknown. Timings are observations, not a promise of solo reproducibility.

Typical milestones

Bot Lab1:18Middle 50%: 1:13–1:32 · n=2019
Advanced Bot Lab4:16Middle 50%: 4:04–4:30 · n=2012
Advanced Metal Extractor5:28Middle 50%: 5:05–5:58 · n=2015

Played most by

Amrissa95games of this buildTheGeneraI70games of this buildAdeus57games of this buildEl_Turco56games of this buildKOT_44games of this build